 Dungeon Crawl Stone Soup version 0.30-a0-341-g682706514a (webtiles) character file.

Game seed: 2196774945097043125

32 koil the Ruffian (level 3, 0/28 HPs)
             Began as a Draconian Transmuter on Nov 5, 2022.
             Slain by a worm (3 damage)
             ... on level 2 of the Dungeon.
             The game lasted 00:02:14 (732 turns).

koil the Ruffian (Draconian Transmuter)              Turns: 732, Time: 00:02:14

Health: 0/28       AC:  5    Str: 14    XL:     3   Next: 8%
Magic:  3/6        EV: 12    Int: 13    God:
Gold:   45         SH:  0    Dex: 11    Spells: 3/6 levels left

rFire   . . .      SeeInvis .      - Unarmed
rCold   . . .      Faith    .    (no shield)
rNeg    . . .      Spirit   .    (body armour unavailable)
rPois   .          Reflect  .    (helmet currently unavailable)
rElec   .          Harm     .    (no cloak)
rCorr   .          Rampage  .    (no gloves)
Will    .....                    (boots currently unavailable)
Stlth   +.........               (no amulet)
HPRegen 0.24/turn                (no ring)
MPRegen 0.10/turn                (no ring)

@: appendages, wereblooded
A: horns 2, talons 2, AC +5, unfitting armour, cold-blooded
a: End Transformation


You were on level 2 of the Dungeon.
You had temporarily grown beastly horns and talons.
You visited 1 branch of the dungeon, and saw 2 of its levels.

You collected 45 gold pieces.

Inventory:

Missiles
 b - 3 atropa-tipped darts
Scrolls
 c - a scroll of butterflies {unknown}
 e - a scroll of enchant weapon {unknown}
 f - a scroll of teleportation {unknown}
Potions
 a - a potion of lignification
 d - a potion of flight {unknown}


   Skills:
 + Level 1.5 Fighting
 + Level 2.0 Dodging
 + Level 3.2 Unarmed Combat
 + Level 2.2 Spellcasting
 + Level 2.3 Transmutations
 + Level 1.0 Poison Magic


You had 3 spell levels left.
You knew the following spells:

 Your Spells              Type           Power      Damage    Failure   Level
a - Beastly Appendage     Tmut           14%        N/A       10%         1
b - Wereblood             Tmut           7%         N/A       14%         2

Your spell library contained the following spells:

 Spells                   Type           Power      Damage    Failure   Level
 Poisonous Vapours        Pois/Air       4%         N/A       30%         2
 Cigotuvi's Dreadful Rot  Necr/Pois/Air  4%         N/A       32%         2
 Spider Form              Tmut/Pois      5%         N/A       36%         3
 Ignite Poison            Fire/Tmut/Pois 4%         N/A       43%         3
 Mephitic Cloud           Conj/Pois/Air  2%         N/A       54%         3
 Kindle Blastsparks       Fire/Tloc/Air  2%         2d10      58%         3
 Ice Form                 Ice/Tmut       4%         N/A       83%         4
 Freezing Cloud           Conj/Ice/Air   0%         6-21      100%        5


Dungeon Overview and Level Annotations

Branches:
Dungeon (2/15)

Altars:


Innate Abilities, Weirdness & Mutations

You have temporarily grown beastly horns and talons.
Your plain brown scales are hard. (AC +5)
You cannot fit into any form of body armour.
You are cold-blooded and may be slowed by cold attacks.


Message History

You kill the frilled lizard!
A ball python comes into view.
The worm bites you.
You hit the worm.
The worm is moderately wounded.
The worm bites you but does no damage.
You hit the worm.
The worm is heavily wounded.
You hit the worm.
The worm is heavily wounded.
The worm bites you.
You hit the worm.
The worm is severely wounded.
You barely miss the worm.
The worm is severely wounded.
The worm bites you.
You are too injured to fight recklessly!
You are too injured to fight recklessly!
You are too injured to fight recklessly!
You are too injured to fight recklessly!
You are too injured to fight recklessly!
You are too injured to fight recklessly!
You hit the worm.
The worm is almost dead.
You barely miss the worm.
The worm is almost dead.
The worm bites you.
* * * LOW HITPOINT WARNING * * *
You barely miss the worm. You tail-slap the worm.
The worm is almost dead.
Casting: Beastly Appendage (safe; 10% risk of failure)
Confirm with . or Enter, or press ? or * to list all spells.
You grow a pair of large bovine horns.
Your feet morph into talons.
The worm bites you.
* * * LOW HITPOINT WARNING * * *
Casting: Beastly Appendage (safe; 10% risk of failure)
Confirm with . or Enter, or press ? or * to list all spells.
Your blood is infused with primal strength.
The worm bites you.
You die...

#.. +..S
#.... #....#
#....########
#...........#
#..w.....#
####.?.@....#
#........[..#
#.......#####
#.......#
#.......#
#.......#
#.......#
+...#####
###...#


You could see a worm.

Vanquished Creatures
  4 ball pythons (D:1)
  4 endoplasms
  A giant cockroach (D:2)
  3 goblins (D:1)
  4 hobgoblins (D:1)
  3 jackals (D:1)
  A bat (D:1)
  6 frilled lizards
  A kobold (D:1)
  2 rats (D:1)
29 creatures vanquished.

Notes
Turn   | Place    | Note
-------+----------+-------------------------------------------
     0 | D:1      | koil the Draconian Transmuter began the quest for the Orb.
     0 | D:1      | Reached XP level 1. HP: 16/16 MP: 3/3
   179 | D:1      | Reached XP level 2. HP: 21/23 MP: 5/5
   256 | D:1      | Learned a level 2 spell: Wereblood
   651 | D:1      | Reached XP level 3. HP: 28/28 MP: 6/6
   694 | D:2      | Reached skill level 1 in Poison Magic
   732 | D:2      | Slain by a worm

Illustrated notes

Levels and vault maps discovered:
D:1:      lemuel_arrival_hallway, layout_loops_cross, amethyst_killhole
D:2:      minmay_roachtagon, layout_basic, shapermc_ecumenical_altar_flowoftime,
          uniq_robin, uniq_natasha, uniq_terence

Skill      XL: |  1  2  3 |
---------------+----------+-----
Dodging        | 2 |  2.0
Poison Magic   | 1 |  1.0
Fighting       | |  1.5
Unarmed Combat | |  3.2
Spellcasting   | |  2.2
Transmutations | |  2.3

Action                   || total
-------------------------++-------
Melee: Unarmed           ||    93
       Tailslap          ||     8
       Kick              ||     2
       Headbutt          ||     1
       Punch             ||     1
 Cast: Beastly Appendage ||     3
       Wereblood         ||     1
 Stab: Sleeping          ||     2
       Distracted        ||     1
Armor: Skin              ||    16
Dodge: Dodged            ||    48

Table legend: (Time is in decaauts)
 A = Elapsed time spent in this place.
 B = Non-inter-level travel time spent in this place.
 C = Inter-level travel time spent in this place.
 D = Time resting spent in this place.
 E = Time spent auto-exploring this place.
 F = Levels seen in this place.
 G = Mean time per level.
                   A        B        C        D        E       F      G
               +--------+--------+--------+--------+--------+-----+--------+
         Total |    727 |    712 |     15 |      0 |    517 |   2 |  363.5 |
       Dungeon |    727 |    712 |     15 |      0 |    517 |   2 |  363.5 |
               +--------+--------+--------+--------+--------+-----+--------+

Top non-repeatable levels by time:
     D:1: 677 daAuts
     D:2: 49 daAuts
